 Dungeon Crawl Stone Soup version 0.24.0-37-gcf1ca852f1 (webtiles) character file.

Game seed: 12718289083376772965, levelgen mode: deterministic

7114 night the Transmogrifier (level 11, -1/123 HPs)
             Began as a Naga Transmuter on Nov 23, 2019.
             Was a Priest of Makhleb.
             Slain by a phantasmal warrior (28 damage)
             ... led by a death knight
             ... on level 10 of the Dungeon.
             The game lasted 00:29:07 (9902 turns).

night the Transmogrifier (Naga Transmuter)          Turns: 9902, Time: 00:29:08

Health: -1/123     AC: 10    Str: 18    XL:     11   Next: 10%
Magic:  21/22      EV: 10    Int: 17    God:    Makhleb [***...]
Gold:   522        SH:  0    Dex: 12    Spells: 9/24 levels left

rFire    . . .     SeeInvis +     - Unarmed
rCold    + + +     Gourm    .   (shield currently unavailable)
rNeg     . . .     Faith    .   (armour currently unavailable)
rPois    +         Spirit   .   (helmet currently unavailable)
rElec    .         Reflect  .   (cloak currently unavailable)
rCorr    .         Harm     .   (gloves currently unavailable)
MR       .....                  (no barding)
Stlth    ++........             B - amulet of magic regeneration
HPRegen  0.30/turn              t - +4 ring of protection
MPRegen  0.43/turn              z - ring "Socwiag" {rF+ Str+4 Int+2 Stlth+}

@: ice-form, vulnerable, slowed, very slow
A: large, see invisible, slow metabolism 1, spit poison 1, AC +3
a: Spit Poison, End Transformation, Minor Destruction, Lesser Servant of
Makhleb, Renounce Religion


You were on level 10 of the Dungeon.
You worshipped Makhleb.
Makhleb was most pleased with you.
You were hungry.
You were a creature of crystalline ice.
You visited 1 branch of the dungeon, and saw 10 of its levels.

You collected 522 gold pieces.

Inventory:

Hand Weapons
 o - the +3 trident of Demand {pierce, rF+ Int+4}
   (You found it on level 6 of the Dungeon)

   It inflicts extra damage upon your enemies.
   It affects your intelligence (+4).
   It protects you from fire.
 A - a +0 shortbow
Missiles
 a - 144 arrows
 h - 200 stones (quivered)
 s - 42 poisoned darts
Armour
 b - a +0 robe
 m - the +1 robe of Reiq (melded) {Dex+8}
   (You found it on level 4 of the Dungeon)

   It affects your dexterity (+8).
 p - a +0 cloak (melded)
Jewellery
 f - an uncursed ring of magical power
 t - a +4 ring of protection (left front paw)
 z - the ring "Socwiag" (right front paw) {rF+ Str+4 Int+2 Stlth+}
   (You found it on level 7 of the Dungeon)

   [ring of intelligence]

   It affects your strength (+4).
   It affects your intelligence (+2).
   It protects you from fire.
   It makes you more stealthy.
 B - an amulet of magic regeneration (around neck)
 E - an uncursed ring of positive energy
Wands
 u - a wand of paralysis (9)
 y - a wand of disintegration (17)
 C - a wand of iceblast (11)
 H - a wand of flame (10)
Scrolls
 c - 3 scrolls of fog
 e - 2 scrolls of amnesia {unknown}
 k - 3 scrolls of teleportation
 l - 5 scrolls of magic mapping
 q - 8 scrolls of remove curse
 r - 3 scrolls of blinking {unknown}
 w - 4 scrolls of enchant weapon {unknown}
 x - a scroll of random uselessness {unknown}
 F - a scroll of identify
Potions
 g - 2 potions of heal wounds
 i - a potion of invisibility
 j - 5 potions of curing
 n - 4 potions of berserk rage
 v - 2 potions of lignification
 D - 3 potions of brilliance {unknown}
 G - a potion of resistance {unknown}
Comestibles
 d - 16 rations


   Skills:
 + Level 7.8 Fighting
 - Level 1.5 Dodging
 + Level 8.9 Unarmed Combat
 + Level 7.4 Spellcasting
 + Level 9.0 Transmutations
 + Level 4.0 Invocations


You had 9 spell levels left.
You knew the following spells:

 Your Spells              Type           Power        Failure   Level  Hunger
a - Beastly Appendage     Tmut           #####.       1%          1    None
b - Sticks to Snakes      Tmut           #####...     1%          2    None
c - Spider Form           Tmut/Pois      ###.......   5%          3    ##.....
d - Blade Hands           Tmut           #####.....   8%          5    #####..
e - Ice Form              Ice/Tmut       ###.....     17%         4    ####...

Your spell library contained the following spells:

 Spells                   Type           Power        Failure   Level  Hunger
 Bolt of Magma            Conj/Fire/Erth #.........   97%         5    #####..
 Iskenderun's Battlesphe  Conj/Chrm      #.......     97%         5    #####..
 Venom Bolt               Conj/Pois      #.........   97%         5    #####..
 Iron Shot                Conj/Erth      #.........   100%        6    #######
 Orb of Destruction       Conj           #.........   100%        7    #######
 Spellforged Servitor     Conj/Summ      #.........   100%        7    #######


Dungeon Overview and Level Annotations

Branches:
Dungeon (10/15)            Temple (0/1) D:7
   Lair: D:8-11         Orc: D:9-12

Altars:
Cheibriados
Elyvilon
Makhleb
Qazlal
Uskayaw
Yredelemnul
The Shining One

Shops:
D:6 %

Annotations:
D:6 2 transporters, kaychamo's ghost, novice OgBe


Innate Abilities, Weirdness & Mutations

You cannot wear boots.
((Your serpentine skin is tough. (AC +3)))
You have supernaturally acute eyesight. (SInv)
((Armour fits poorly on your strangely shaped body.))
((Your system is resistant to poisons. (rPois)))
((You cover ground very slowly.))
You have a slow metabolism.
You can spit poison.
((You have sharp fingernails.))
((Your flesh is cold resistant. (rC+)))


Message History

Your Invocations skill increases to level 4!
Your damage is reflected back at you!
* * * LOW HITPOINT WARNING * * *
Casting: Ice Form (slightly dangerous; 17% risk of failure)
Confirm with . or Enter, or press ? or * to list all spells.
Okay, then.
You feel much better.
The freezing wraith hits you but does no damage.
The freezing wraith hits you!
* * * LOW HITPOINT WARNING * * *
You hit the freezing wraith but do no damage.
The freezing wraith hits you but does no damage.
The freezing wraith barely misses you.
You hit the freezing wraith.
The freezing wraith is lightly damaged.
The freezing wraith barely misses you. The freezing wraith hits you.
* * * LOW HITPOINT WARNING * * *
The freezing wraith drains your vigour!
You feel yourself slow down. The phantasmal warrior hits you!!
You die...

#...# #..#
#...# #..#
#...# #..#
#####...####..#
..............#
.......W...W..#
........####..#
........#
#..##########
........#
#..WWYW.....#
........#
#..##########
........# #..#
........# #..#
......=.# #>.#
...รท....# #..#
........# #..#
........# #..#
........# #..#


You could see a phantasmal warrior and 2 freezing wraiths.

Vanquished Creatures
  Harold (D:7)
  A death knight (D:10)
  Pikel (D:5)
  Grinder (D:6)
  2 hippogriffs
  Sigmund (D:5)
  A wraith (D:10)
  A water moccasin (D:9)
  2 ice beasts
  2 orc warriors (D:6)
  3 slaves (D:5)
  A sky beast (D:6)
  An eye of draining (D:10)
  2 phantoms
  4 ogres
  3 centaurs
  A crocodile (D:10)
  A big kobold (D:8)
  2 bullfrogs
  A wyvern skeleton (D:8)
  5 scorpions
  9 killer bees
  4 wights (D:8)
  An electric eel (D:7)
  6 howler monkeys
  7 crimson imps
  3 quasits
  3 hounds
  2 orc priests
  2 centaur skeletons
  2 jellies
  5 orc wizards
  A gnoll shaman (D:5)
  An iguana (D:8)
  8 worker ants
  A hound zombie (D:10)
  A worker ant zombie (D:5)
  A howler monkey zombie (D:7)
  7 gnolls
  18 adders
  2 shadow imps
  An ooze (D:2)
  An adder zombie (D:5)
  An adder skeleton (D:9)
  3 worms
  4 dart slugs
  5 leopard geckos
  32 orcs
  7 giant cockroaches
  4 goblins
  6 hobgoblins
  14 jackals
  5 quokkas
  A ball python (D:1)
  10 bats
  5 frilled lizards
  6 kobolds
  2 leopard gecko zombies
  A quokka skeleton (D:7)
  6 rats
235 creatures vanquished.

Vanquished Creatures (others)
  A centaur zombie (D:5)
  A jackal (D:7)
2 creatures vanquished.

Grand Total: 237 creatures vanquished

Notes
Turn   | Place    | Note
-------+----------+-------------------------------------------
     0 | D:1      | night the Naga Transmuter began the quest for the Orb.
     0 | D:1      | Reached XP level 1. HP: 18/18 MP: 3/3
    18 | D:1      | Noticed a salamander
    18 | D:1      | Noticed a polar bear
   146 | D:1      | Noticed a swamp drake
   252 | D:1      | Reached XP level 2. HP: 14/25 MP: 5/5
   662 | D:1      | Learned a level 2 spell: Sticks to Snakes
  1084 | D:1      | Reached skill level 3 in Transmutations
  1109 | D:1      | Reached XP level 3. HP: 31/31 MP: 6/6
  1119 | D:1      | Learned a level 3 spell: Spider Form
  1636 | D:2      | Found a glowing golden altar of the Shining One.
  1747 | D:2      | Reached XP level 4. HP: 37/38 MP: 5/7
  2026 | D:2      | Reached skill level 4 in Transmutations
  2531 | D:3      | Reached XP level 5. HP: 39/44 MP: 8/8
  2651 | D:3      | Noticed an ogre
  2676 | D:3      | Killed an ogre
  2788 | D:3      | Reached XP level 6. HP: 19/52 MP: 5/9
  3066 | D:3      | Found a basalt altar of Yredelemnul.
  3523 | D:3      | Found a burning altar of Makhleb.
  3523 | D:3      | Noticed a green death
  3527 | D:3      | Noticed a neqoxec
  3527 | D:3      | Noticed a smoke demon
  3529 | D:3      | Became a worshipper of Makhleb the Destroyer
  3615 | D:4      | Got a ripped robe
  3626 | D:4      | Identified the +1 robe of Reiq {Dex+8} (You found it on
                  | level 4 of the Dungeon)
  3808 | D:4      | Reached skill level 5 in Transmutations
  4014 | D:4      | Reached XP level 7. HP: 46/61 MP: 11/11
  4093 | D:4      | Learned a level 5 spell: Blade Hands
  4482 | D:5      | Entered Level 5 of the Dungeon
  4508 | D:5      | Reached skill level 5 in Unarmed Combat
  4669 | D:5      | Noticed Sigmund
  4691 | D:5      | Killed Sigmund
  4859 | D:5      | Noticed Pikel
  4888 | D:4      | Reached * piety under Makhleb
  4991 | D:5      | Killed Pikel
  4991 | D:5      | Reached skill level 6 in Transmutations
  4991 | D:5      | Reached XP level 8. HP: 58/73 MP: 8/14
  5208 | D:5      | Found a hide-covered altar of Uskayaw.
  5574 | D:6      | Noticed Grinder
  5613 | D:6      | Killed Grinder
  5613 | D:6      | Reached skill level 5 in Fighting
  5613 | D:6      | Reached skill level 5 in Spellcasting
  5613 | D:6      | Reached XP level 9. HP: 21/81 MP: 13/16
  5890 | D:6      | Gained mutation: You have sharp fingernails. [potion of
                  | mutation]
  5890 | D:6      | Gained mutation: Your flesh is cold resistant. (rC+)
                  | [potion of mutation]
  6037 | D:6      | Reached skill level 7 in Transmutations
  6277 | D:6      | Found Soel's Food Boutique.
  6375 | D:6      | Found a snail-covered altar of Cheibriados.
  6441 | D:6      | Got a shimmering trident
  6442 | D:6      | Identified the +3 trident of Demand {pierce, rF+ Int+4}
                  | (You found it on level 6 of the Dungeon)
  6497 | D:6      | Found a transporter.
  6499 | D:6      | Found a transporter.
  6500 | D:6      | Noticed kaychamo's ghost (novice OgBe)
  6890 | D:7      | Got a twitching pewter ring
  6891 | D:7      | Identified the ring "Socwiag" {rF+ Str+4 Int+2 Stlth+} (You
                  | found it on level 7 of the Dungeon)
  6901 | D:7      | Learned a level 4 spell: Ice Form
  7310 | D:7      | Reached ** piety under Makhleb
  7321 | D:7      | Found a white marble altar of Elyvilon.
  7322 | D:7      | Noticed Harold
  7327 | D:7      | Killed Harold
  7327 | D:7      | Reached skill level 8 in Transmutations
  7327 | D:7      | Reached XP level 10. HP: 92/92 MP: 16/19
  7563 | D:7      | Found a staircase to the Ecumenical Temple.
  8521 | D:8      | Reached skill level 1 in Invocations
  9060 | D:9      | Reached *** piety under Makhleb
  9085 | D:9      | Found a stormy altar of Qazlal.
  9568 | D:10     | Entered Level 10 of the Dungeon
  9817 | D:10     | Reached XP level 11. HP: 86/102 MP: 21/21
  9863 | D:10     | Noticed a death knight
  9876 | D:10     | Noticed a phantasmal warrior
  9899 | D:10     | Killed a death knight
  9899 | D:10     | Reached skill level 9 in Transmutations
  9902 | D:10     | Slain by a phantasmal warrior

Levels and vault maps discovered:
D:1:      onia_arrival_zoo_common, layout_basic
D:2:      layout_loops_ring, old_standard_altar
D:3:      layout_rooms, makhleb_altar_promises_db, yredelemnul_altar_generic
D:4:      layout_basic
D:5:      layout_loops_ring, eat_drink_and_be_merry_uskayaw, first_ration,
          uniq_pikel, uniq_sigmund
D:6:      layout_loops_ring, overflow_temple_1_default, gammafunk_ghost_hive,
          serial_shops, nicolae_shop_waterfront, uniq_grinder
D:7:      cheibrodos_helix_gallery, layout_basic, lemuel_doored_altar,
          minmay_temple_entry_slanted, uniq_harold
D:8:      layout_basic, minmay_misc_feat_chi, grunt_ogre_cave
D:9:      layout_basic, overflow_temple_1_default
D:10:     minmay_four_partial_circles, layout_long_grid

Skill      XL: |  1  2  3  4  5  6  7  8  9 10 11 |
---------------+----------------------------------+-----
Transmutations | 3 4 5 6 8 9 |  9.0
Unarmed Combat | 4 6 7 8 |  8.9
Fighting       | 2 4 5 6 7 |  7.8
Spellcasting   | 3 4 5 6 7 |  7.4
Invocations    | 3 4 |  4.0
Dodging        | |  1.5

Action                   |  1- 3 |  4- 6 |  7- 9 | 10-12 || total
-------------------------+-------+-------+-------+-------++-------
Melee: Unarmed           |    85 |   181 |   283 |   232 ||   781
       Headbutt          |     2 |     5 |       |       ||     7
       Punch             |       |     5 |     2 |     5 ||    12
       Trident           |       |       |     7 |       ||     7
 Cast: Beastly Appendage |     3 |     2 |       |       ||     5
       Spider Form       |       |    10 |    20 |     2 ||    32
       Ice Form          |       |       |     2 |    10 ||    12
       Blade Hands       |       |       |     1 |     6 ||     7
 Abil: Spit Poison       |    19 |    18 |       |     1 ||    38
  Use: Scroll            |       |       |     6 |     6 ||    12
       Potion            |       |       |     1 |     2 ||     3
 Stab: Sleeping          |       |       |     3 |     5 ||     8
  Eat: Chunk             |     3 |     9 |    11 |     7 ||    30
       Ration            |       |       |       |     1 ||     1
Armor: Robe              |    25 |    48 |    39 |    55 ||   167
       Skin              |       |     4 |    29 |    49 ||    82
Dodge: Dodged            |    63 |   132 |   201 |   141 ||   537
